 Dungeon Crawl Stone Soup version 0.20.1-1-g8b1a95d (webtiles) character file.

773 gobwax the Digger (level 7, -4/36 HPs)
             Began as a Deep Elf Earth Elementalist on July 5, 2017.
             Was an Initiate of Vehumet.
             Shot with an arrow by a centaur (9 damage)
             ... on level 5 of the Dungeon.
             The game lasted 00:17:28 (4759 turns).

gobwax the Digger (Deep Elf Earth Elementalist)     Turns: 4759, Time: 00:17:30

Health: -4/36      AC:  5    Str:  5    XL:     7   Next: 53%
Magic:  18/19      EV: 13    Int: 25    God:    Vehumet [......]
Gold:   231        SH:  0    Dex: 15    Spells: 9/20 levels left

rFire    + . .     SeeInvis .   b - 68 stones
rCold    . . .     Gourm    +   (no shield)
rNeg     . . .     Faith    .   c - +0 robe
rPois    .         Spirit   .   (no helmet)
rElec    .         Reflect  .   (no cloak)
rCorr    .         Harm     .   k - +0 pair of gloves
MR       .....                  y - +1 pair of boots
Stlth    ++........             a - amulet of the gourmand
Regen    0.2/turn               w - +3 ring of intelligence
MPRegen  0.2/turn               m - ring of protection from fire

@: no status effects
A: no striking features
a: Renounce Religion


You were on level 5 of the Dungeon.
You worshipped Vehumet.
Vehumet was noncommittal.
You were full.

You visited 2 branches of the dungeon, and saw 6 of its levels.

You collected 231 gold pieces.

Inventory:

Hand Weapons
 l - a cursed +0 spear
Missiles
 b - 68 stones (in hand)
Armour
 c - a +0 robe (worn)
 k - a +0 pair of gloves (worn)
 y - a +1 pair of boots (worn)
Jewellery
 a - an amulet of the gourmand (around neck)
 i - an uncursed ring of loudness
 m - a ring of protection from fire (right hand)
 w - a +3 ring of intelligence (left hand)
Wands
 C - a wand of polymorph (12/24)
Scrolls
 g - 4 scrolls of magic mapping
 h - 2 scrolls of remove curse
 r - 2 scrolls of teleportation
 s - a scroll of enchant armour {unknown}
 t - a scroll of fog {unknown}
 v - a scroll of noise {unknown}
 x - 3 scrolls of identify
 z - 2 scrolls of amnesia {unknown}
Potions
 f - 2 potions of mutation {unknown}
 n - 2 potions of magic {unknown}
 o - 2 potions of curing {unknown}
 p - a potion of heal wounds {unknown}
 q - 2 potions of lignification {unknown}
 u - a potion of berserk rage {unknown}
 A - a potion of brilliance {unknown}
 B - a potion of cancellation {unknown}
Books
 e - a book of Geomancy

   Spells                             Type                      Level
   a - Sandblast                      Earth                        1
   b - Passwall                       Transmutation/Earth          2
   c - Stone Arrow                    Conjuration/Earth            3
   d - Petrify                        Transmutation/Earth          4
   e - Lee's Rapid Deconstruction     Earth                        5
Comestibles
 d - 4 bread rations
 j - 4 royal jellies


   Skills:
 - Level 2.4 Dodging
 - Level 2.5 Stealth
 + Level 7.1 Spellcasting
 * Level 2.5 Conjurations
 - Level 1.2 Transmutations
 * Level 7.6 Earth Magic


You had 9 spell levels left.
You knew the following spells:

 Your Spells              Type           Power        Failure   Level  Hunger
a - Sandblast             Erth           #####.       1%          1    None
b - Stone Arrow           Conj/Erth      ####..       2%          3    None
c - Lee's Rapid Deconstr  Erth           #####.....   8%          5    #####..
d - Passwall              Tmut/Erth      ####......   1%          2    None


Dungeon Overview and Level Annotations

Branches:
Dungeon (5/15)             Temple (1/1) D:5

Altars:
Ashenzari
Cheibriados
Dithmenos
Fedhas
Hepliaklqana
Kikubaaqudgha
Makhleb
Nemelex Xobeh
Okawaru
Qazlal
Ru
Sif Muna
Trog
Uskayaw
Vehumet
Yredelemnul
Zin
The Shining One

Shops:
D:5 =


Message History

You see here an arrow.
Casting: Sandblast
Confirm with . or Enter, or press ? or * to list all spells.
Aiming: Stone Arrow
Press: ? - help, Shift-Dir - straight line, f - centaur
Aim: a centaur, wielding a shortbow
Okay, then.
Casting: Stone Arrow
Confirm with . or Enter, or press ? or * to list all spells.
Aiming: Sandblast
Press: ? - help, Shift-Dir - straight line, f - centaur
Aim: a centaur, wielding a shortbow The blast of sand hits the centaur.
The centaur is severely wounded.
b - 68 stones You hear a shout!
The centaur shoots an arrow.
The arrow hits you!
* * * LOW HITPOINT WARNING * * *
The centaur shoots an arrow.
The arrow hits you!
You die...

##.# ##.## ##.##
#>######### #######
.##....)..# #.....
.##.#####.# #...
.##.#####.######.####
.##.##......[..(...c#
.##.##.##.######@##....
###.......# #.# c #
####.#### #.. #[# #...
####.#### #####
#.......# #.##.##.#
#######
###......)###.....#
..#..#.#...##.....#


You could see a centaur.

Vanquished Creatures
  An ice beast (D:5)
  An ogre (D:4)
  A scorpion (D:4)
  A crimson imp (D:5)
  A gnoll shaman (D:4)
  An orc priest (D:4)
  Crazy Yiuf (D:4)
  2 orc wizards
  2 iguanas (D:4)
  2 worker ants
  7 gnolls (D:4)
  9 adders
  An ooze (D:5)
  An adder skeleton (D:4)
  4 worms (D:2)
  4 dart slugs
  A leopard gecko (D:5)
  17 orcs
  2 ball pythons (D:4)
  6 bats
  3 giant cockroaches
  8 hobgoblins
  7 jackals
  A quokka (D:2)
  6 frilled lizards
  6 goblins
  8 kobolds
  A quokka skeleton (D:4)
  9 rats
114 creatures vanquished.

Notes
Turn   | Place    | Note
-------+----------+-------------------------------------------
     0 | D:1      | gobwax the Deep Elf Earth Elementalist began the quest for the Orb.
     0 | D:1      | Reached XP level 1. HP: 10/10 MP: 6/6
   149 | D:1      | Reached XP level 2. HP: 14/15 MP: 4/8
   791 | D:2      | Reached XP level 3. HP: 19/19 MP: 7/10
  1065 | D:2      | Learned a level 3 spell: Stone Arrow
  1124 | D:2      | Found an iron altar of Okawaru.
  1124 | D:2      | Found a hazy altar of Hepliaklqana.
  1124 | D:2      | Found a stormy altar of Qazlal.
  1644 | D:3      | Reached XP level 4. HP: 24/24 MP: 4/12
  2236 | D:3      | Reached skill level 5 in Earth Magic
  2648 | D:4      | Reached XP level 5. HP: 28/28 MP: 7/14
  2658 | D:4      | Learned a level 5 spell: Lee's Rapid Deconstruction
  2828 | D:4      | Reached skill level 5 in Spellcasting
  2828 | D:4      | Reached skill level 1 in Conjurations
  2868 | D:4      | Found a runed door.
  2938 | D:4      | Noticed Crazy Yiuf
  2940 | D:4      | Killed Crazy Yiuf
  3133 | D:4      | Reached XP level 6. HP: 32/32 MP: 6/16
  3877 | D:4      | Found a snail-covered altar of Cheibriados.
  3947 | D:4      | Reached XP level 7. HP: 36/36 MP: 10/18
  4034 | D:5      | Entered Level 5 of the Dungeon
  4099 | D:5      | Learned a level 2 spell: Passwall
  4144 | D:5      | Found a staircase to the Ecumenical Temple.
  4147 | D:5      | Found Utoussuc's Jewellery Shop.
  4303 | Temple   | Entered the Ecumenical Temple
  4373 | Temple   | Became a worshipper of Vehumet
  4690 | D:5      | Found a burning altar of Makhleb.
  4759 | D:5      | Shot with an arrow by a centaur

Skill      XL: |  1  2  3  4  5  6  7 |
---------------+----------------------+-----
Earth Magic    | 4 5 6 7 |  7.6
Spellcasting   | 4 5 6 7 |  7.1
Conjurations   | 1 2 |  2.5
Dodging        | |  2.4
Stealth        | |  2.5
Transmutations | |  1.2

Action                   |  1- 3 |  4- 6 |  7- 9 || total
-------------------------+-------+-------+-------++-------
 Cast: Sandblast         |    61 |    46 |    31 ||   138
       Stone Arrow       |     2 |    19 |     4 ||    25
       Lee's Rapid Decon |       |     5 |     1 ||     6
       Passwall          |       |       |     2 ||     2
  Use: Scroll            |       |     5 |     1 ||     6
  Eat: Chunk             |     5 |    11 |     4 ||    20
Armor: Robe              |     1 |     2 |     1 ||     4
Dodge: Dodged            |     8 |     2 |     9 ||    19
